 Dungeon Crawl Stone Soup version 0.24.0-37-gcf1ca852f1 (webtiles) character file.

Game seed: 20795940252614241, levelgen mode: deterministic

11297 Froggeryz the Grappler (level 11, -1/105 HPs)
             Began as a Troll Monk on Nov 28, 2019.
             Was a High Priest of Okawaru.
             Succumbed to a redback's poison
             ... on level 2 of the Lair of Beasts.
             The game lasted 00:12:06 (6669 turns).

Froggeryz the Grappler (Troll Monk)                 Turns: 6669, Time: 00:12:07

Health: -1/105     AC:  6    Str: 26    XL:     11   Next: 47%
Magic:  19/19      EV: 10    Int:  6    God:    Okawaru [*****.]
Gold:   452        SH: 11    Dex: 15    Spells: 10/10 levels left

rFire    + . .     SeeInvis +     - Unarmed
rCold    + . .     Gourm    +   f - +0 shield
rNeg     + . .     Faith    .   a - +0 robe
rPois    .         Spirit   .   (helmet restricted)
rElec    .         Reflect  .   l - scarf {rC+ rF+}
rCorr    .         Harm     .   (gloves unavailable)
MR       .....                  (boots unavailable)
Stlth    ++........             e - amulet of regeneration
HPRegen  1.07/turn              m - ring "Ticir" {+Inv rN+ MP+9 Str+5 SInv}
MPRegen  0.16/turn              (no ring)

@: lethally poisoned (-1 -> -93)
A: large, unfitting armour, claws 3, fast metabolism 3, gourmand, regeneration
1, shaggy fur 1, tough skin 3
a: Heroism, Finesse, Renounce Religion, Evoke Invisibility


You were on level 2 of the Lair of Beasts.
You worshipped Okawaru.
Okawaru was extremely pleased with you.
You were very full.

You visited 3 branches of the dungeon, and saw 11 of its levels.
You also visited: Ossuary.

You collected 564 gold pieces.
You spent 112 gold pieces at shops.

Inventory:

Armour
 a - a +0 robe (worn)
 f - a +0 shield (worn)
 l - a scarf of resistance (worn)
 J - a +0 cloak
Jewellery
 e - an amulet of regeneration (around neck)
 m - the ring "Ticir" (left claw) {+Inv rN+ MP+9 Str+5 SInv}
   (You found it on level 4 of the Dungeon)

   [ring of strength]

   It affects your strength (+5).
   It protects you from negative energy.
   It affects your magic capacity (+9).
   It lets you see invisible.
   It lets you turn invisible.
 C - an uncursed amulet of rage
Wands
 p - a wand of polymorph (3)
 w - a wand of random effects (12)
 F - a wand of disintegration (11)
Scrolls
 g - 8 scrolls of identify
 n - 2 scrolls of amnesia
 o - a scroll of noise {unknown}
 s - 4 scrolls of remove curse
 t - 3 scrolls of blinking
 v - 6 scrolls of teleportation {unknown}
 x - a scroll of enchant weapon
 z - 3 scrolls of magic mapping {unknown}
 A - 4 scrolls of enchant armour {unknown}
Potions
 c - 3 potions of heal wounds
 d - 3 potions of curing {unknown}
 h - 3 potions of agility {unknown}
 i - 3 potions of cancellation
 j - 3 potions of resistance {unknown}
 k - a potion of flight {unknown}
 q - a potion of mutation
 r - 4 potions of lignification {unknown}
 u - 2 potions of haste {unknown}
 B - 2 potions of might {unknown}
 D - a potion of invisibility {unknown}
 E - a potion of degeneration {unknown}
 H - 2 potions of brilliance {unknown}
Comestibles
 b - 15 rations


   Skills:
 - Level 6.2 Fighting
 - Level 2.4 Dodging
 - Level 1.0 Stealth
 * Level 8.5 Shields
 * Level 13.5 Unarmed Combat


You had 10 spell levels left.
You didn't know any spells.
Your spell library contained the following spells:

 Spells                   Type           Power        Failure   Level  Hunger
 Apportation              Tloc           #.....       50%         1    ##.....
 Flame Tongue             Conj/Fire      #....        50%         1    ##.....
 Freeze                   Ice            #...         50%         1    ##.....
 Summon Butterflies       Summ           #.......     50%         1    ##.....
 Throw Flame              Conj/Fire      #.....       63%         2    ###....
 Throw Frost              Conj/Ice       #.....       63%         2    ###....
 Conjure Flame            Conj/Fire      #.......     86%         3    ####...
 Inner Flame              Hex/Fire       #.......     86%         3    ####...
 Lesser Beckoning         Tloc           #.........   86%         3    ####...
 Ozocubu's Armour         Chrm/Ice       #.......     86%         3    ####...
 Tukima's Dance           Hex            #.......     86%         3    ####...
 Sticky Flame             Conj/Fire      #.......     99%         4    #####..
 Summon Ice Beast         Ice/Summ       #.......     99%         4    #####..
 Throw Icicle             Conj/Ice       #.......     99%         4    #####..
 Alistair's Intoxication  Tmut/Pois      #.......     100%        5    ######.
 Fireball                 Conj/Fire      #.........   100%        5    ######.
 Invisibility             Hex            #.......     100%        6    #######


Dungeon Overview and Level Annotations

Branches:
Dungeon (8/15)             Temple (1/1) D:6            Lair (2/6) D:8
 Spider (0/4) Lair:2      Ossuary (visited)
  Swamp: Lair:2-4    Shoals: Lair:2-4

Altars:
Cheibriados
Dithmenos
Gozag
Hepliaklqana
Kikubaaqudgha
Makhleb
Okawaru
Qazlal
Sif Muna
Trog
Wu Jian
Xom
Zin
The Shining One

Shops:
D:6 ![}}


Innate Abilities, Weirdness & Mutations

You are too large for most types of armour.
You have claws for hands.
Your metabolism is lightning-fast.
You like to eat raw meat.
Your natural rate of healing is unusually fast.
You are covered in fur. (AC +1)
You have extremely tough skin. (AC +3)


Message History

You feel very sick. The redback completely misses you.
You scratch the redback.
The redback is lightly wounded.
* * * LOW HITPOINT WARNING * * *
You feel very sick. The redback bites you.
* * * LOW HITPOINT WARNING * * *
You are more poisoned.
The redback poisons you!
The jumping spider leaps!
You claw the redback!
The redback is moderately wounded.
* * * LOW HITPOINT WARNING * * *
You feel extremely sick. The redback bites you!
* * * LOW HITPOINT WARNING * * *
You mangle the redback!!
You kill the redback!
Okawaru accepts your kill.
You die...

##........# #S.F.....#
#<#.F..s.#.#...†.....#.#..
...≈...###^#..†..........
..°##.# ##.#.#......#.#. .
## ##.#.##...#..####
#.#.#.#.#....####
#######..........
#.##PP..###. ## ###### ##


You could see a redback.

Vanquished Creatures
  2 hydras (Lair:1)
  A two-headed ogre (D:8)
  3 death yaks (D:8)
  2 komodo dragons (Lair:1)
  A jumping spider (Lair:2)
  2 hippogriffs (D:8)
  Sigmund (D:4)
  2 redbacks (Lair:2)
  5 yaks (Lair:1)
  A hungry ghost (D:8)
  Grum (D:8)
  A soldier ant (D:8)
  5 water moccasins
  6 porcupines
  3 sky beasts
  5 ogres
  3 centaurs
  4 wolves (D:8)
  2 big kobolds (D:8)
  5 bullfrogs
  2 scorpions
  A wyvern skeleton (D:8)
  A water moccasin skeleton (D:6)
  A bullfrog zombie (D:6)
  2 crimson imps
  A quasit (D:6)
  3 centaur zombies (Ossuary)
  4 hounds
  2 jellies (D:8)
  2 bullfrog skeletons
  2 orc priests (D:8)
  3 iguanas
  12 orc wizards
  3 hell rats (D:8)
  6 worker ants
  4 killer bee zombies (Ossuary)
  15 mummies (Ossuary)
  3 gnolls (D:3)
  3 howler monkey skeletons (D:6)
  A howler monkey zombie (Ossuary)
  9 adders
  A shadow imp (D:8)
  2 adder zombies (Ossuary)
  An adder skeleton (D:4)
  4 worms
  4 dart slugs
  5 leopard geckos
  16 orcs
  9 bats
  5 giant cockroaches
  5 goblins
  8 hobgoblins
  9 jackals
  4 quokkas
  2 ball pythons
  4 frilled lizards
  A giant cockroach zombie (Ossuary)
  A goblin zombie (D:6)
  A jackal skeleton (D:5)
  18 kobolds
  A leopard gecko skeleton (D:5)
  2 leopard gecko zombies (Ossuary)
  2 quokka zombies
  7 rats
247 creatures vanquished.

Vanquished Creatures (others)
  A plant (Lair:2)
1 creature vanquished.

Grand Total: 248 creatures vanquished

Notes
Turn   | Place    | Note
-------+----------+-------------------------------------------
     0 | D:1      | Froggeryz the Troll Monk began the quest for the Orb.
     0 | D:1      | Reached XP level 1. HP: 22/22 MP: 0/0
    59 | D:1      | Reached XP level 2. HP: 29/29 MP: 1/1
   207 | D:1      | Reached skill level 4 in Unarmed Combat
   405 | D:1      | Reached XP level 3. HP: 36/36 MP: 2/2
   707 | D:2      | Noticed a water moccasin
   714 | D:2      | Killed a water moccasin
   714 | D:2      | Reached skill level 1 in Shields
   714 | D:2      | Reached skill level 5 in Unarmed Combat
   714 | D:2      | Reached XP level 4. HP: 31/44 MP: 3/3
   714 | D:2      | Reached XP level 5. HP: 35/50 MP: 4/4
   951 | D:2      | Found a bloodstained altar of Trog.
  1529 | D:3      | Found a faded altar of an unknown god.
  1788 | D:3      | Reached skill level 6 in Unarmed Combat
  2074 | D:4      | Reached XP level 6. HP: 59/59 MP: 5/5
  2160 | D:4      | Found an opulent altar of Gozag.
  2221 | D:4      | Got a translucent jade ring
  2281 | D:4      | Identified the ring "Ticir" {+Inv rN+ MP+9 Str+5 SInv} (You
                  | found it on level 4 of the Dungeon)
  2639 | D:4      | Noticed Sigmund
  2694 | D:4      | Killed Sigmund
  2694 | D:4      | Reached skill level 7 in Unarmed Combat
  2694 | D:4      | Reached XP level 7. HP: 65/66 MP: 5/6
  2818 | D:5      | Entered Level 5 of the Dungeon
  3116 | D:5      | Found a shimmering altar of Xom.
  3116 | D:5      | Found a burning altar of Makhleb.
  3117 | D:5      | Found an opulent altar of Gozag.
  3213 | D:5      | Found a glowing silver altar of Zin.
  3358 | D:5      | Reached skill level 8 in Unarmed Combat
  3425 | D:6      | Reached XP level 8. HP: 55/74 MP: 7/7
  3454 | D:6      | Found Seaceham's Armour Shoppe.
  3492 | D:5      | Found a hazy altar of Hepliaklqana.
  3492 | D:5      | Found a snail-covered altar of Cheibriados.
  3524 | D:6      | Found a sand-covered staircase.
  3532 | Ossuary  | Entered an ossuary
  3599 | Ossuary  | Reached skill level 9 in Unarmed Combat
  3856 | D:6      | Found Lomic's Distillery.
  3911 | D:6      | Bought a potion of mutation for 112 gold pieces
  3931 | D:6      | Found an ornate altar of the Wu Jian Council.
  4034 | D:6      | Reached skill level 5 in Shields
  4071 | D:6      | Found Geruroum's Gadget Shop.
  4098 | D:6      | Found Bawkaiz's Gadget Shop.
  4394 | D:6      | Found a staircase to the Ecumenical Temple.
  4402 | D:6      | Reached XP level 9. HP: 80/83 MP: 8/8
  4407 | Temple   | Entered the Ecumenical Temple
  4416 | Temple   | Became a worshipper of Warmaster Okawaru
  4416 | Temple   | Reached * piety under Okawaru
  4416 | Temple   | Reached ** piety under Okawaru
  4447 | D:7      | Reached skill level 10 in Unarmed Combat
  4724 | D:7      | Got an encrusted ring mail
  4912 | D:8      | Noticed a two-headed ogre
  4928 | D:8      | Killed a two-headed ogre
  4928 | D:8      | Reached *** piety under Okawaru
  4939 | D:8      | Reached skill level 11 in Unarmed Combat
  5090 | D:8      | Noticed a death yak
  5091 | D:8      | Found a staircase to the Lair.
  5091 | D:8      | Noticed a death yak
  5091 | D:8      | Noticed a death yak
  5115 | D:8      | Killed a death yak
  5115 | D:8      | Reached **** piety under Okawaru
  5115 | D:8      | Reached skill level 5 in Fighting
  5115 | D:8      | Reached XP level 10. HP: 31/96 MP: 9/9
  5121 | D:8      | Killed a death yak
  5256 | D:8      | Noticed Grum
  5275 | D:8      | Reached skill level 12 in Unarmed Combat
  5288 | D:8      | Killed Grum
  5358 | D:8      | Reached ***** piety under Okawaru
  5382 | D:8      | Killed a death yak
  5767 | Lair:1   | Entered Level 1 of the Lair of Beasts
  5795 | Lair:1   | Reached XP level 11. HP: 97/105 MP: 10/10
  5993 | Lair:1   | Reached skill level 13 in Unarmed Combat
  6036 | Lair:1   | Noticed a seven-headed hydra
  6043 | Lair:1   | Killed a seven-headed hydra
  6043 | Lair:1   | Received a gift from Okawaru
  6145 | Lair:1   | Noticed a five-headed hydra
  6158 | Lair:1   | Killed a five-headed hydra
  6562 | Lair:2   | Noticed a five-headed hydra
  6659 | Lair:2   | Found a hole to the Spider Nest.
  6669 | Lair:2   | Succumbed to a redback's poison

Levels and vault maps discovered:
D:1:      dpeg_arrival_tiny_a, layout_basic
D:2:      layout_basic, lightli_temple_of_fire, minmay_misc_feat_square
D:3:      layout_basic, serial_rivers, chequers_serial_rivers_micro_e,
          chequers_serial_rivers_micro_e, chequers_serial_rivers_marsh,
          chequers_serial_rivers_micro_a, chequers_serial_rivers_micro_e,
          chequers_ecumenical_altar_simple_redux, first_ration
D:4:      layout_gridville, minmay_misc_feat_tower,
          nicolae_gozag_cash_rules_everything_around_me, uniq_sigmund
D:5:      layout_loops_ring, zin_statuary, nicolae_overflow_hidden_temple
D:6:      layout_basic, minmay_temple_entry_poolview, basic_altar,
          enter_ossuary_4, serial_shops, nicolae_shop_statue_plus,
          nicolae_shop_behind_doors, shop, shop
D:7:      minmay_flawed_box, layout_loops_ring
D:8:      layout_rooms, dpeg_lair_monsters, uniq_grum
Temple:   eino_wide_crystal_templ
Lair:1:   layout_loops_ring, lemuel_fruit_fields
Lair:2:   layout_misc_corridors, minmay_shoals_entry_centaurs,
          nicolae_spider_entry_tight_spaces, grunt_megastairs_1

Skill      XL: |  1  2  3  4  5  6  7  8  9 10 11 |
---------------+----------------------------------+-----
Unarmed Combat | 4 5 6 7 8 9 11 12 13 | 13.5
Shields        | 1 2 3 4 5 6 7 8 |  8.5
Fighting       | 3 5 6 |  6.2
Dodging        | |  2.4
Stealth        | |  1.0

Action                   |  1- 3 |  4- 6 |  7- 9 | 10-12 || total
-------------------------+-------+-------+-------+-------++-------
Melee: Unarmed           |    66 |   153 |   283 |   253 ||   755
       Punch             |     2 |       |       |       ||     2
Evoke: Wand              |       |       |     2 |    11 ||    13
  Use: Scroll            |       |     8 |     3 |     2 ||    13
       Potion            |       |     1 |       |     1 ||     2
 Stab: Sleeping          |     6 |     4 |     4 |     1 ||    15
       Distracted        |       |       |     2 |       ||     2
  Eat: Chunk             |    12 |    18 |    23 |    21 ||    74
Armor: Robe              |    37 |    38 |    38 |    37 ||   150
Dodge: Dodged            |    36 |    46 |    74 |    74 ||   230
Block: Shield            |       |    43 |   113 |   128 ||   284
